 Dungeon Crawl Stone Soup version 0.29-a0-559-g359e09b9d1 (webtiles) character file.

Game seed: 13875431816954424924

54 Crownlay the Chopper (level 3, -4/31 HPs)
             Began as a Hill Orc Fighter on June 10, 2022.
             Slain by Sigmund
             ... wielding a +0 scythe
              (10 damage)
             ... on level 2 of the Dungeon.
             The game lasted 00:01:14 (1673 turns).

Crownlay the Chopper (Hill Orc Fighter)             Turns: 1673, Time: 00:01:15

Health: -4/31      AC:  7    Str: 20    XL:     3   Next: 91%
Magic:  3/3        EV:  9    Int:  8    God:
Gold:   90         SH:  0    Dex: 10    Spells: 2/2 levels left

rFire   . . .      SeeInvis .   a - +0 war axe
rCold   . . .      Faith    .   c - +0 buckler
rNeg    . . .      Spirit   .   b - +0 scale mail
rPois   .          Reflect  .   (no helmet)
rElec   .          Harm     .   (no cloak)
rCorr   .          Rampage  .   (no gloves)
Will    .....                   (no boots)
Stlth   ..........              (no amulet)
HPRegen 0.10/turn               (no ring)
MPRegen 0.08/turn               (no ring)

@: confused, mighty
A: no striking features
a: no special abilities


You were on level 2 of the Dungeon.
You visited 1 branch of the dungeon, and saw 2 of its levels.

You collected 90 gold pieces.

Inventory:

Hand Weapons
 a - a +0 war axe (weapon)
Armour
 b - a +0 scale mail (worn)
 c - a +0 buckler (worn)
 j - a +0 plate armour
Jewellery
 g - a ring of willpower
Scrolls
 e - a scroll of enchant armour {unknown}
 f - a scroll of fear {unknown}
 h - a scroll of brand weapon {unknown}
Potions
 d - a potion of might


   Skills:
 - Level 3.6 Fighting
 * Level 4.3 Axes
 + Level 3.8 Armour
 + Level 3.8 Shields


You had 2 spell levels left.
You didn't know any spells.
Your spell library was empty.

Dungeon Overview and Level Annotations

Branches:
Dungeon (2/15)

Altars:

Annotations:
D:2 Sigmund


Message History

a +0 club; 5 stones; a kobold corpse You're too confused to move!
Sigmund hits you but does no damage.
You're too confused to move!
You feel less confused.
Sigmund hits you from afar with a +0 scythe!
* * * LOW HITPOINT WARNING * * *
Things that are here:
a +0 club; 5 stones; a kobold corpse You slash Sigmund!
Sigmund is moderately wounded.
Sigmund barely misses you.
You hit Sigmund.
Sigmund is heavily wounded.
Sigmund hits you but does no damage.
You slash Sigmund!
Sigmund is severely wounded.
Sigmund gestures wildly while chanting.
Sigmund flickers and vanishes!
Deactivating autopickup; reactivate with Ctrl-A.
You closely miss something.
You hear some strange, mumbled words.
A puff of flame appears from out of thin air!
The puff of flame misses you.
You hear some strange, mumbled words.
You are confused.
Something hits you.
* * * LOW HITPOINT WARNING * * *
Found 12 gold pieces.
You see here 17 gold pieces.
It was a potion of heal wounds.
You feel much better.
You hear some strange, mumbled words.
You are more confused.
You bump into the rock wall.
Something hits you! Something hits you!
You hear some strange, mumbled words.
Something tries to affect you, but you resist.
Something hits you!
* * * LOW HITPOINT WARNING * * *
Something hits you!
You die...

.........### .###
..........##...
#.....#.... ### #..(.#.#
..# #########.(...# ..#
....#.....#...# ..
..............#### .# ##
...............†.##.###..#
..............))@$.......#
...<........##............
............###...........
................?.........
........>...#####.........
.....(<÷...## #.......$.
....#.<÷..## #.........
########### .........#
..........


There were no monsters in sight!

Vanquished Creatures
  2 adders (D:2)
  A dart slug (D:2)
  5 bats
  2 endoplasms
  2 giant cockroaches
  3 goblins (D:1)
  4 hobgoblins
  5 kobolds
  A quokka (D:1)
  4 ball pythons
  A frilled lizard (D:2)
  4 rats
34 creatures vanquished.

Notes
Turn   | Place    | Note
-------+----------+-------------------------------------------
     0 | D:1      | Crownlay the Hill Orc Fighter began the quest for the Orb.
     0 | D:1      | Reached XP level 1. HP: 19/19 MP: 1/1
   197 | D:1      | Reached skill level 3 in Axes
   259 | D:1      | Reached XP level 2. HP: 9/26 MP: 2/2
  1398 | D:2      | Reached XP level 3. HP: 20/31 MP: 3/3
  1400 | D:2      | Reached skill level 4 in Axes
  1643 | D:2      | Noticed Sigmund
  1664 | D:2      | HP: 1/31 [something (3)]
  1673 | D:2      | Slain by Sigmund

Illustrated notes

Levels and vault maps discovered:
D:1:      minmay_arrival_stair_chambers, layout_basic
D:2:      layout_rooms, uniq_sigmund

Skill      XL: |  1  2  3 |
---------------+----------+-----
Axes           | 3 4 |  4.3
Fighting       | |  3.6
Armour         | |  3.8
Shields        | |  3.8

Action                   || total
-------------------------++-------
Melee: War axe           ||    84
  Use: Potion            ||     2
Armor: Scale mail        ||    49
Dodge: Dodged            ||    56
Block: Buckler           ||    26

Table legend: (Time is in decaauts)
 A = Elapsed time spent in this place.
 B = Non-inter-level travel time spent in this place.
 C = Inter-level travel time spent in this place.
 D = Time resting spent in this place.
 E = Time spent auto-exploring this place.
 F = Levels seen in this place.
 G = Mean time per level.
                   A        B        C        D        E       F      G
               +--------+--------+--------+--------+--------+-----+--------+
         Total |   1703 |   1691 |     12 |      0 |   1496 |   2 |  851.5 |
       Dungeon |   1703 |   1691 |     12 |      0 |   1496 |   2 |  851.5 |
               +--------+--------+--------+--------+--------+-----+--------+

Top non-repeatable levels by time:
     D:1: 1411 daAuts
     D:2: 292 daAuts
